 Dungeon Crawl Stone Soup version 0.17.1-3-g152610e (webtiles) character file.

281 kaze the Ducker (level 6, -1/61 HPs)
             Began as a Troll Berserker on Apr 25, 2016.
             Was a Priest of Trog.
             Slain by Robin
             ... wielding a +0 spear
              (4 damage)
             ... on level 4 of the Dungeon.
             The game lasted 00:03:07 (1982 turns).

kaze the Ducker (Troll Berserker)                   Turns: 1982, Time: 00:03:07

Health: -1/61      AC:  6    Str: 33    XL:     6   Next: 6%
Magic:  5/5        EV: 10    Int:  3    God:    Trog [***...]
Gold:   91         SH:  0    Dex:  9    Spells: 0 memorised, 5 levels left

rFire  . . .     SeeInvis .     p - +2 quarterstaff (chaos)
rCold  . . .     Clarity  .     a - +0 animal skin
rNeg   . . .     SustAt   .     (shield currently unavailable)
rPois  .         Gourm    +     (helmet restricted)
rElec  .         Spirit   .     q - +0 cloak {+Inv}
rCorr  .         Warding  .     (gloves unavailable)
rMut   .         Stasis   .     (boots unavailable)
MR     ++...                    (no amulet)
Stlth  +.........               (no ring)
                                m - +5 ring of strength

@: exhausted, regenerating, slowed, very slow, very resistant to hostile
enchantments, very unstealthy
A: unfitting armour, claws 3, fast metabolism 3, gourmand, regeneration 2,
shaggy fur 1, tough skin 2
a: Berserk, Trog's Hand, Burn Spellbooks, Renounce Religion, Evoke Invisibility


You were on level 4 of the Dungeon.
You worshipped Trog.
Trog was most pleased with you.
You were near starving.

You visited 1 branch of the dungeon, and saw 4 of its levels.

You collected 91 gold pieces.

Inventory:

Hand Weapons
 p - a +2 quarterstaff of chaos (weapon)
Armour
 a - a +0 animal skin (worn)
 q - a +0 cloak of invisibility (worn)
Jewellery
 m - a +5 ring of strength (left claw)
Scrolls
 d - 3 scrolls of random uselessness {unknown}
 f - a scroll of enchant weapon {unknown}
 h - 3 scrolls of identify {unknown}
 i - a scroll of remove curse {unknown}
 r - a scroll of fog {unknown}
 t - a scroll of blinking {unknown}
Potions
 c - a potion of degeneration {unknown}
 e - a potion of magic {unknown}
 g - a potion of heal wounds {unknown}
 k - a potion of lignification {unknown}
 l - a potion of cure mutation {unknown}
 o - a potion of mutation {unknown}
 s - 3 potions of cancellation {unknown}
 u - a potion of curing {unknown}
Comestibles
 b - 4 bread rations
 j - 2 slices of pizza
 n - 3 fruits


   Skills:
 + Level 3.6 Fighting
 + Level 1.0 Staves
 + Level 4.0 Dodging
 + Level 0.4 Stealth
 + Level 3.9 Unarmed Combat


You had 5 spell levels left.
You didn't know any spells.

Dungeon Overview and Level Annotations

Branches:
Dungeon (4/15)
 Temple: D:4-7

Altars:
Gozag
Xom

Annotations:
D:4 Robin


Innate Abilities, Weirdness & Mutations

You are too large for most types of armour.
You have claws for hands.
Your metabolism is lightning-fast.
You like to eat raw meat.
You heal very quickly.
You are covered in fur (AC +1).
You have very tough skin (AC +2).


Message History

You barely miss Robin. Robin hits you but does no damage.
The goblin hits you but does no damage. Robin hits you but does no damage.
You sock Robin! You freeze Robin.
Robin is severely wounded.
The goblin hits you with a dagger.
* * * LOW HITPOINT WARNING * * *
Robin hits you with a spear.
* * * LOW HITPOINT WARNING * * *
The goblin hits you but does no damage. Robin hits you but does no damage.
You hit Robin but do no damage.
Robin is severely wounded.
The goblin hits you but does no damage.
Robin roars a battlecry!
The goblin goes into a battle-frenzy!
Robin hits you with a spear.
* * * LOW HITPOINT WARNING * * *
The goblin barely misses you.
Robin's horned helmet rattles.
Robin hits you with a spear.
You die...

## #.# .. ..# . ..#
#.#########.# ..#
#......^..#.# ..#
#######..gg.# ..#
#.#g### ..# #.#@#
<.# #.#.g...... ..#
#.#..###### ..#
#.#..# ..##
#########.#... ...#
#.........#...#
.#.###.#########....
.......# #..###
##.#####


You could see Robin and 3 goblins.

Vanquished Creatures
  A phantom (D:3)
  A crimson imp (D:3)
  Crazy Yiuf (D:2)
  Jessica (D:3)
  4 adders
  2 giant geckos
  An orc (D:3)
  2 ball pythons (D:2)
  2 giant cockroaches (D:2)
  9 hobgoblins
  A quokka (D:3)
  6 bats
  3 giant newts
  12 goblins
  7 jackals
  2 kobolds
  3 rats
58 creatures vanquished.

Notes
Turn   | Place    | Note
--------------------------------------------------------------
     0 | D:1      | kaze the Troll Berserker began the quest for the Orb.
     0 | D:1      | Reached XP level 1. HP: 22/22 MP: 0/0
   332 | D:1      | Reached XP level 2. HP: 29/29 MP: 1/1
   639 | D:2      | Reached XP level 3. HP: 11/36 MP: 2/2
   645 | D:2      | Reached ** piety under Trog
   789 | D:2      | Found a shimmering altar of Xom.
  1013 | D:2      | Noticed Crazy Yiuf
  1018 | D:2      | Killed Crazy Yiuf
  1018 | D:2      | Reached XP level 4. HP: 45/45 MP: 3/3
  1252 | D:3      | Found an opulent altar of Gozag.
  1299 | D:3      | Found a faded altar to an unknown god.
  1341 | D:3      | Noticed Jessica
  1349 | D:3      | Killed Jessica
  1490 | D:3      | Reached XP level 5. HP: 42/53 MP: 4/4
  1566 | D:3      | Reached *** piety under Trog
  1707 | D:3      | Noticed a phantom
  1730 | D:3      | Killed a phantom
  1730 | D:3      | Reached skill level 1 in Staves
  1730 | D:3      | Reached skill level 4 in Dodging
  1730 | D:3      | Reached XP level 6. HP: 57/61 MP: 5/5
  1947 | D:4      | Noticed Robin
  1978 | D:4      | HP: 2/61 [goblin/dagger[Robin] (7)]
  1982 | D:4      | Slain by Robin

Action                   |  1- 3 |  4- 6 || total
-------------------------+-------+-------++-------
Melee: Unarmed           |    97 |       ||    97
       Quarterstaff      |       |   106 ||   106
Invok: Berserk           |     2 |     1 ||     3
       Burn Spellbooks   |     1 |       ||     1
       Trog's Hand       |       |     1 ||     1
 Stab: Paralysed         |       |     2 ||     2
  Eat: Chunk             |     9 |     4 ||    13
       Bread ration      |       |     1 ||     1
